 Dungeon Crawl Stone Soup version 0.30-a0-711-gf4ac18a38d (webtiles) character file.

Game seed: 14956513244509221280

8771 nucleargodhead the Carver (level 11, -8/111 HPs)
             Began as a Minotaur Berserker on Jan 22, 2023.
             Was a High Priest of Trog.
             Shot with an arrow by a centaur warrior (18 damage)
             ... on level 10 of the Dungeon.
             The game lasted 00:17:27 (9810 turns).

nucleargodhead the Carver (Minotaur Berserker)      Turns: 9810, Time: 00:17:28

Health: -8/111     AC: 11    Str: 22    XL:     11   Next: 14%
Magic:  10/10      EV: 10    Int:  4    God:    Trog [*****.]
Gold:   613        SH:  6    Dex: 20    Spells: 10/10 levels left

rFire   . . .      SeeInvis .    U - +2 falchion (vamp)
rCold   . . .      Faith    +    C - +2 buckler
rNeg    . . .      Spirit   .    D - +0 scale mail
rPois   .          Reflect  .    (helmet restricted)
rElec   .          Harm     .    (no cloak)
rCorr   .          Rampage  .    N - +2 pair of gloves
Will    .....      NoCast   +    Q - +1 pair of boots of Tenacity {-Cast Dex+6} Stlth
                                 k - amulet of faith
HPRegen 0.38/turn                (no ring)
MPRegen 0.12/turn                (no ring)

@: slowed, studying Armour, very slow
A: horns 2, retaliatory headbutt
a: Renounce Religion, Berserk, Trog's Hand, Brothers in Arms


You were on level 10 of the Dungeon.
You worshipped Trog.
Trog was extremely pleased with you.
You visited 1 branch of the dungeon, and saw 10 of its levels.

You collected 841 gold pieces.
You spent 228 gold pieces at shops.

Inventory:

Hand Weapons
 a - a +1 great sword of freezing
 s - the +0 rapier of the Maze {protect, rElec}
   (You found it on level 4 of the Dungeon)

   rElec:     It insulates you from electricity.
 T - the +0 executioner's axe "Inaulum" {heavy, rPois rF+ Dex+2}
   (Trog gifted it to you on level 9 of the Dungeon)

   Dex:       It affects your dexterity (+2).
   rF:        It protects you from fire.
   rPois:     It protects you from poison.
 U - a +2 vampiric falchion (weapon)
Armour
 C - a +2 buckler (worn)
 D - a +0 scale mail (worn)
 N - a +2 pair of gloves (worn)
 Q - the +1 pair of boots of Tenacity (worn) {-Cast Dex+6}
   (You bought it in a shop on level 8 of the Dungeon)

   Dex:       It affects your dexterity (+6).
   -Cast:     It prevents spellcasting.
Jewellery
 k - an amulet of faith (around neck)
 p - a ring of fire
 w - a ring of magical power
Wands
 H - a wand of paralysis (6)
 M - a wand of mindburst (19)
 S - a wand of iceblast (3)
Scrolls
 c - 2 scrolls of enchant armour
 d - 3 scrolls of immolation
 h - 2 scrolls of summoning
 i - 3 scrolls of fear
 m - 3 scrolls of enchant weapon
 v - 2 scrolls of blinking
 x - 3 scrolls of vulnerability
 B - 2 scrolls of magic mapping
 G - 2 scrolls of poison
 L - a scroll of torment {unknown}
 P - a scroll of teleportation {unknown}
Potions
 e - 6 potions of degeneration {unknown}
 f - 3 potions of flight {unknown}
 j - 2 potions of lignification {unknown}
 n - a potion of might {unknown}
 o - 12 potions of curing {unknown}
 r - a potion of cancellation {unknown}
 u - 3 potions of attraction {unknown}
 z - 2 potions of heal wounds {unknown}
 A - a potion of ambrosia {unknown}
 E - a potion of magic {unknown}
 J - 3 potions of brilliance {unknown}
 K - 3 potions of haste {unknown}


   Skills:
 + Level 14.9 Fighting
 + Level 14.9 Long Blades
 - Level 2.4 Armour
 - Level 2.1 Dodging


You had 10 spell levels left.
You didn't know any spells.
Your spell library was empty.

Dungeon Overview and Level Annotations

Branches:
Dungeon (10/15)            Temple (0/1) D:5             Orc (0/2) D:9
   Lair: D:8-11

Altars:
Elyvilon
Nemelex Xobeh
Okawaru
Qazlal
Uskayaw
Xom

Shops:
D:1 (   D:4 (   D:8 *   D:9 :

Annotations:
D:9 1 runed translucent door


Innate Abilities, Weirdness & Mutations

You have a pair of horns on your head.
You reflexively headbutt those who attack you in melee.


Message History

The centaur warrior shoots an arrow.
The arrow closely misses you.
You climb upwards.
Level annotation: 1 runed translucent door
There is a stone staircase leading down here.
Items here: ! ) ?? [[[[[.
There is an open door here.
Items here: ))) [[.
There is an open door, spattered with blood here.
Things that are here:
a +0 club; a +0 flail; an orc skeleton
There is a stone staircase leading down here.
You climb downwards.
The centaur warrior shoots an arrow.
The arrow closely misses you.
Found a wand of iceblast (4).
There is a stone staircase leading up here.
The hornet stings you but does no damage.
The hornet stings you!
You suddenly lose the ability to move!
You stop ascending the stairs.
The hornet barely misses you.
The centaur warrior shoots an arrow.
The arrow hits you! The hornet stings you!
You feel yourself slow down.
The centaur warrior shoots an arrow.
The arrow hits you! The hornet stings you!
You feel as though you will be slow longer.
The centaur warrior shoots an arrow.
The arrow hits you!
* * * LOW HITPOINT WARNING * * *
You can move again.
Unknown command.
As you read the scroll of fear, it crumbles to dust.
You assume a fearsome visage.
The centaur warrior resists with some effort.
The hornet easily resists.
The hornet barely misses you.
The centaur warrior shoots an arrow.
The arrow hits you!
* * * LOW HITPOINT WARNING * * *
The hornet stings you!
* * * LOW HITPOINT WARNING * * *
You feel as though you will be slow longer.
The centaur warrior shoots an arrow.
The arrow closely misses you. You block the hornet's attack.
The centaur warrior shoots an arrow.
The arrow hits you!!
You die...

.$..........
...........
......?.#
#......###
#....y...#
#c.....# .
#...#<##
....#..y#.#
.......@#..
...#....####
.....#!.#
....##..#
.... #... ..
.../ . ....
......


You could see a centaur warrior and a hornet.

Vanquished Creatures
  2 two-headed ogres
  A deep elf pyromancer (D:9)
  A troll (D:9)
  Grinder (D:6)
  A wraith (D:9)
  A basilisk (D:8)
  3 wyverns (D:9)
  15 yaks
  3 water moccasins
  2 sky beasts
  2 ice beasts
  3 black bears
  2 orc warriors
  An ogre (D:5)
  2 centaurs
  2 kobold brigands
  3 bullfrogs
  2 necrophages
  3 scorpions
  2 gnoll sergeants
  14 wights
  3 killer bees (D:7)
  7 howler monkeys
  3 hounds
  An orc priest (D:9)
  3 iguanas
  Jessica (D:3)
  3 orc wizards
  12 adders
  22 gnolls
  2 white imps
  2 ufetubi
  5 worms
  5 dart slugs
  22 orcs
  3 endoplasms
  2 giant cockroaches
  6 goblins
  7 hobgoblins
  7 jackals
  8 quokkas
  5 ball pythons
  3 bats
  A frilled lizard (D:2)
  16 kobolds
215 creatures vanquished.

Notes
Turn   | Place    | Note
-------+----------+-------------------------------------------
     0 | D:1      | nucleargodhead the Minotaur Berserker began the quest for
                  | the Orb.
     0 | D:1      | Reached XP level 1. HP: 19/19 MP: 0/0
   172 | D:1      | Found Taxuo's Weapon Shoppe.
   214 | D:1      | Reached XP level 2. HP: 25/27 MP: 1/1
   899 | D:2      | Reached XP level 3. HP: 30/34 MP: 2/2
  1132 | D:2      | Reached ** piety under Trog
  1285 | D:2      | Reached XP level 4. HP: 27/41 MP: 3/3
  1354 | D:2      | Reached skill level 5 in Fighting
  1354 | D:2      | Reached skill level 5 in Long Blades
  1697 | D:3      | Found an iron altar of Okawaru.
  2105 | D:3      | Noticed Jessica
  2117 | D:3      | Killed Jessica
  2309 | D:3      | Reached XP level 5. HP: 46/48 MP: 4/4
  2492 | D:3      | Found a sparkling altar of Nemelex Xobeh.
  3031 | D:4      | Found Wibepho's Weapon Shop.
  3058 | D:4      | Identified the +0 rapier of the Maze {protect, rElec}
  3323 | D:4      | Found a hide-covered altar of Uskayaw.
  3344 | D:4      | Identified the +8 glaive "Piol Doesuen" {antimagic, rN+}
  3359 | D:4      | Reached *** piety under Trog
  3419 | D:4      | Found a stormy altar of Qazlal.
  3572 | D:4      | Noticed an ice beast
  3577 | D:4      | Killed an ice beast
  3578 | D:4      | Reached XP level 6. HP: 58/58 MP: 5/5
  3669 | D:5      | Entered Level 5 of the Dungeon
  3880 | D:5      | Reached XP level 7. HP: 47/66 MP: 6/6
  3987 | D:5      | Found a staircase to the Ecumenical Temple.
  4321 | D:5      | Reached XP level 8. HP: 28/75 MP: 7/7
  4862 | D:6      | Found a white marble altar of Elyvilon.
  4963 | D:6      | Noticed Grinder
  4970 | D:6      | Killed Grinder
  5063 | D:6      | Reached skill level 10 in Fighting
  5063 | D:6      | Reached skill level 10 in Long Blades
  5152 | D:6      | Reached XP level 9. HP: 51/86 MP: 8/8
  5572 | D:6      | Found a shimmering altar of Xom.
  5573 | D:6      | Found a shimmering altar of Xom.
  5573 | D:6      | Found a shimmering altar of Xom.
  5577 | D:6      | Found a shimmering altar of Xom.
  6498 | D:6      | Reached **** piety under Trog
  7239 | D:8      | Found Myevu's Assorted Antiques.
  7245 | D:8      | Bought a pair of spiked boots for 228 gold pieces
  7245 | D:8      | Identified the +1 pair of boots of Tenacity {-Cast Dex+6}
                  | (You bought it in a shop on level 8 of the Dungeon)
  7334 | D:8      | Noticed a two-headed ogre
  7342 | D:8      | Killed a two-headed ogre
  7343 | D:8      | Reached XP level 10. HP: 76/100 MP: 9/9
  8039 | D:9      | Noticed a two-headed ogre
  8056 | D:9      | Killed a two-headed ogre
  8388 | D:9      | Found a staircase to the Orcish Mines.
  8481 | D:9      | Reached XP level 11. HP: 18/111 MP: 10/10
  8510 | D:9      | HP: 2/111 [troll (13)]
  8832 | D:9      | Reached ***** piety under Trog
  8843 | D:9      | Identified the +0 executioner's axe "Inaulum" {heavy, rPois
                  | rF+ Dex+2} (Trog gifted it to you on level 9 of the
                  | Dungeon)
  8843 | D:9      | Received a gift from Trog
  8943 | D:9      | Noticed a deep elf pyromancer
  8959 | D:9      | Killed a deep elf pyromancer
  9096 | D:9      | Identified the +1 leather armour of Darkness {Harm Str+3}
  9185 | D:9      | Noticed a sixfirhy
  9186 | D:9      | Found a runed translucent door.
  9250 | D:9      | Found Cuhit's Book Boutique.
  9745 | D:10     | Entered Level 10 of the Dungeon
  9745 | D:10     | Noticed a centaur warrior
  9806 | D:10     | Paralysed by a hornet for 3 turns
  9810 | D:10     | Shot with an arrow by a centaur warrior

Illustrated notes

Levels and vault maps discovered:
D:1:      tarquinn_simple_flora_water_b, layout_loops_ring, serial_shops,
          nicolae_shop_statue_plus
D:2:      layout_basic, chequers_serial_rivers_micro_d
D:3:      layout_basic, nemelex_diamond_rough_becter, overflow_temple_1_default,
          serial_corexii_hall, corexii_hall_statues_deadend,
          chequers_hall_statues_wall_a, corexii_hall_statues_l,
          chequers_hall_statues_y, corexii_hall_statues_deadend,
          corexii_hall_statues_u, dk_noncrumbling_3, grunt_ministairs_4,
          uniq_jessica
D:4:      layout_cave_pools, grunt_qazlal_clouds,
          nicolae_uskayaw_murder_on_the_dancefloor, serial_shops, shop,
          minmay_manual_mail
D:5:      minmay_polygon_palace, layout_loops_cross,
          mainiacjoe_overflow_boulevard, minmay_temple_entry_from_below_a
D:6:      layout_loops_cross, xom_redecorated, nicolae_elyvilon_temple_path,
          minmay_misc_feat_hallway, uniq_grinder
D:7:      layout_cave_pools
D:8:      layout_gridville, serial_shops, kennysheep_little_box,
          kennysheep_generic_room_15
D:9:      cheibrodos_shockbox, layout_loops_ring, david_orc_2, serial_shops,
          nicolae_take_the_stairs, grunt_potential
D:10:     layout_rooms, pdpol_wu_jian_five_deadly_venoms,
          minmay_protected_statue

Skill      XL: |  1  2  3  4  5  6  7  8  9 10 |
---------------+-------------------------------+-----
Fighting       | 4 5 6 7 8 10 12 14 | 14.9
Long Blades    | 4 5 6 7 8 10 12 14 | 14.9
Armour         | |  2.4
Dodging        | |  2.1

Action                     |  1- 3 |  4- 6 |  7- 9 | 10-12 || total
---------------------------+-------+-------+-------+-------++-------
  Melee: Falchion          |   103 |   129 |   242 |   186 ||   660
         Headbutt          |    16 |    24 |    58 |    51 ||   149
         Punch             |     1 |       |       |       ||     1
 Invoke: Berserk           |       |     3 |    10 |     3 ||    16
         Trog's Hand       |       |       |     3 |     1 ||     4
  Evoke: Wand              |       |       |     5 |     6 ||    11
    Use: Scroll            |       |       |       |    12 ||    12
   Stab: Paralysed         |       |       |       |     6 ||     6
 Armour: Animal skin       |     2 |       |       |       ||     2
         Ring mail         |    30 |    51 |     9 |       ||    90
         Scale mail        |       |       |    52 |    55 ||   107
  Dodge: Dodged            |    50 |    76 |   107 |    74 ||   307
  Block: Buckler           |       |       |    53 |    51 ||   104

Table legend: (Time is in decaauts)
 A = Elapsed time spent in this place.
 B = Non-inter-level travel time spent in this place.
 C = Inter-level travel time spent in this place.
 D = Time resting spent in this place.
 E = Time spent auto-exploring this place.
 F = Levels seen in this place.
 G = Mean time per level.
                   A        B        C        D        E       F      G
               +--------+--------+--------+--------+--------+-----+--------+
         Total |   9864 |   9557 |    307 |   2071 |   5776 |  10 |  986.4 |
       Dungeon |   9864 |   9557 |    307 |   2071 |   5776 |  10 |  986.4 |
               +--------+--------+--------+--------+--------+-----+--------+

Top non-repeatable levels by time:
     D:8: 1521 daAuts
     D:6: 1509 daAuts
     D:3: 1349 daAuts
     D:9: 1283 daAuts
     D:5: 1086 daAuts
     D:2: 876 daAuts
     D:1: 826 daAuts
     D:7: 735 daAuts
     D:4: 666 daAuts
    D:10: 9 daAuts
